 Dungeon Crawl Stone Soup version 0.19.3-4-gbf9329e (webtiles) character file.

15565 Gargoyl the Envoy of Void (level 12, -3/100 HPs)
             Began as a Ghoul Abyssal Knight on Jan 26, 2017.
             Was a High Priest of Lugonu.
             Slain by Rupert
             ... wielding a +3 battleaxe of chopping
              (4 damage)
             ... on level 2 of the Lair of Beasts.
             The game lasted 00:39:09 (13567 turns).

Gargoyl the Envoy of Void (Ghoul Abyssal Knight)   Turns: 13567, Time: 00:39:09

Health: -3/100     AC: 20    Str: 18    XL:     12   Next: 28%
Magic:  7/18       EV:  9    Int:  7    God:    Lugonu [*****.]
Gold:   186        SH: 16    Dex: 16    Spells: 0 memorised, 11 levels left

rFire  . . .     SeeInvis .     K - +0 broad axe
rCold  + . .     Gourm    .     E - +0 plate armour
rNeg   + + +     Faith    .     l - +0 large shield
rPois  ∞         Spirit   .     (no helmet)
rElec  .         Reflect  .     i - +2 cloak
rCorr  .         Harm     .     (no gloves)
MR     +....                    h - +2 pair of boots
Stlth  ..........               x - amulet of regeneration
                                (no ring)
                                e - ring of protection from magic

@: agile, rotting
A: rotting body, claws 1, carnivore 3, cold resistance 1, negative energy
resistance 3, slow regeneration 1, torment resistance, unbreathing
a: Depart the Abyss, Bend Space, Banish, Corrupt, Enter the Abyss, Renounce
Religion


You were on level 2 of the Lair of Beasts.
You worshipped Lugonu.
Lugonu was extremely pleased with you.
You were not hungry.

You visited 2 branches of the dungeon, and saw 14 of its levels.
You visited the Abyss 1 time.

You collected 808 gold pieces.
You spent 622 gold pieces at shops.

Inventory:

Hand Weapons
 d - a +2 vampiric hand axe
 f - a +5 spear
 w - a +0 war axe
 A - a +3 hand axe
 D - a +0 war axe of flaming
 K - a +0 broad axe (weapon)
Armour
 h - a +2 pair of boots (worn)
 i - a +2 cloak (worn)
 l - a +0 large shield (worn)
 E - a +0 plate armour (worn)
Jewellery
 e - a ring of protection from magic (left claw)
 q - an uncursed ring of flight
 x - an amulet of regeneration (around neck)
Wands
 p - a wand of paralysis (5/24)
 v - a wand of iceblast (0/15)
 H - a wand of paralysis (10/24)
Scrolls
 g - a scroll of identify
 m - 10 scrolls of teleportation
 n - a scroll of remove curse
 t - 2 scrolls of amnesia
 z - a scroll of blinking
 F - a scroll of fog
 G - 2 scrolls of magic mapping
Potions
 o - 3 potions of might
 B - 4 potions of flight
 C - 5 potions of curing
Comestibles
 a - 8 chunks of flesh
 b - a beef jerky
 c - 4 meat rations
 j - a slice of pizza


   Skills:
 + Level 7.3 Fighting
 + Level 8.2(8.8) Axes
 + Level 4.8(7.1) Polearms
 * Level 8.8 Armour
 + Level 3.3 Dodging
 + Level 8.0 Shields
 * Level 9.5 Invocations
 + Level 0.1 Evocations


You had 11 spell levels left.
You didn't know any spells.

Dungeon Overview and Level Annotations

Branches:
Dungeon (11/15)            Temple (0/1) D:4            Lair (3/6) D:11
 Shoals (0/4) Lair:3          Orc (0/2) D:10
  Snake: Lair:2-4    Spider: Lair:2-4

Altars:
Ashenzari
Dithmenos
Gozag
Hepliaklqana
Ru
Trog
Uskayaw
Zin

Shops:
D:10 ??*(}

Annotations:
Lair:2 Rupert
Abyss:1 Nergalle


Innate Abilities, Weirdness & Mutations

Your body is rotting away.
You thrive on raw meat.
You are immune to poison.
You have sharp fingernails.
You are carnivorous and can eat meat at any time.
Your flesh is cold resistant. (rC+)
You are immune to negative energy. (rN+++)
You regenerate slowly when monsters are visible.
You are immune to unholy pain and torment.
You can survive without breathing.


Message History

You slash Rupert!
Rupert is heavily wounded.
Rupert looks more energetic.
You slash Rupert!
Rupert is severely wounded.
Rupert hits you with a battleaxe of chopping!
* * * LOW HITPOINT WARNING * * *
x2 You feel better.
Rupert roars madly and goes into a rage!
Rupert goes berserk!
Press: ? - help, Shift-Dir - straight line, f/p - Rupert
Aim: Rupert, wielding a battleaxe of chopping and wearing a scale mail (severely wounded, berserk, fast, unusually strong, chance to defeat MR: 23%) Rupert resists with almost no effort.
You feel somewhat more hungry.
Rupert hits you with a battleaxe of chopping!
* * * LOW HITPOINT WARNING * * *
x2
Press: ? - help, Shift-Dir - straight line, f/p - Rupert
Aim: Rupert, wielding a battleaxe of chopping and wearing a scale mail (severely wounded, berserk, fast, unusually strong, chance to defeat MR: 23%) Rupert resists with almost no effort.
You feel somewhat more hungry.
Rupert hits you with a battleaxe of chopping.
You die...

###.......# #..... ###
#........### #..... #.##
###....>...# #..... #####.###
##......## #.....
##......######.....# ##...#
.........#.# ##P...# #.#..
...........# ##..### ##..##
..........## #...# #P....
..........# ##..@####
###..... .........##
#.#.@#..# #...###P ........##
###......######..## ##
P......## ##.........##P..#P#
###...#.###...........#...###
#..###.................###
###...###..............##
..##...#..............#.#
.....................####


You could see Rupert (berserk).

Vanquished Creatures
  2 spiny frogs
  A torpor snail (Lair:2)
  2 two-headed ogres (D:9)
  6 blink frogs
  4 hippogriffs
  2 wyverns (D:9)
  A wraith (D:10)
  8 yaks
  2 hungry ghosts
  A mottled dragon (D:11)
  5 water moccasins
  2 sky beasts (D:10)
  5 porcupines
  2 orc warriors
  6 phantoms
  5 ice beasts
  4 black bears
  4 ogres (D:10)
  An eye of draining (D:9)
  3 wolves (Lair:2)
  7 centaurs
  6 crocodiles
  6 bullfrogs
  4 scorpions
  4 killer bees (D:7)
  9 wights
  3 howler monkeys
  2 crimson imps
  3 hounds
  A quasit (D:9)
  A centaur zombie (D:5)
  A bullfrog skeleton (D:10)
  2 bullfrog zombies
  5 jellies
  8 orc priests
  3 centaur skeletons
  3 iguanas
  8 orc wizards
  10 worker ants
  10 hell rats (Lair:1)
  2 hound zombies
  3 worker ant zombies
  11 gnolls
  13 adders
  16 river rats (Lair:1)
  A shadow imp (D:11)
  12 white imps (D:11)
  6 oozes
  4 adder skeletons
  2 worms (D:4)
  A dart slug (D:2)
  5 leopard geckos
  50 orcs
  5 giant cockroaches
  8 goblins
  10 hobgoblins
  13 jackals
  2 quokkas
  2 ball pythons
  7 bats
  4 frilled lizards
  2 giant cockroach zombies
  A jackal skeleton (D:9)
  9 kobolds
  23 rats
374 creatures vanquished.

Vanquished Creatures (others)
  An unseen horror (D:11)
  2 hill giants (D:10)
  An ugly thing (D:11)
  A komodo dragon (Lair:2)
  A troll (D:9)
  A blink frog (Lair:1)
  A wolf (Lair:2)
8 creatures vanquished.

Grand Total: 382 creatures vanquished

Notes
Turn   | Place    | Note
-------+----------+-------------------------------------------
     0 | Abyss:1  | Gargoyl the Ghoul Abyssal Knight began the quest for the Orb.
     0 | Abyss:1  | Reached XP level 1. HP: 19/19 MP: 1/1
     5 | Abyss:1  | Found a corrupted altar of Lugonu.
    56 | Abyss:1  | Noticed a ynoxinul
    57 | D:1      | Escaped the Abyss
   147 | D:1      | Reached skill level 1 in Dodging
   149 | D:1      | Reached XP level 2. HP: 24/24 MP: 2/2
   240 | D:1      | Reached * piety under Lugonu
   506 | D:1      | Reached XP level 3. HP: 30/31 MP: 3/3
   804 | D:2      | Found a hazy altar of Hepliaklqana.
   966 | D:2      | Found a hide-covered altar of Uskayaw.
  1213 | D:2      | Found a shattered altar of Ashenzari.
  1247 | D:2      | Reached ** piety under Lugonu
  1252 | D:2      | Reached XP level 4. HP: 38/40 MP: 4/4
  1384 | D:2      | Found a shadowy altar of Dithmenos.
  1671 | D:3      | Reached XP level 5. HP: 43/46 MP: 5/5
  1752 | D:3      | Found a glowing silver altar of Zin.
  2003 | D:3      | Reached skill level 1 in Shields
  2114 | D:3      | You fall through a shaft for 3 floors!
  2186 | D:6      | Found an opulent altar of Gozag.
  2481 | D:5      | Entered Level 5 of the Dungeon
  2501 | D:5      | Reached skill level 3 in Invocations
  2501 | D:5      | Reached XP level 6. HP: 35/52 MP: 7/7
  2516 | D:5      | HP: 2/52 [something/puff of flame (3)]
  2846 | D:4      | Found a staircase to the Ecumenical Temple.
  2933 | D:4      | Reached *** piety under Lugonu
  3121 | D:4      | Reached XP level 7. HP: 47/59 MP: 8/8
  3386 | D:3      | Found a sacrificial altar of Ru.
  3583 | D:4      | Reached skill level 4 in Invocations
  4132 | D:5      | Reached XP level 8. HP: 29/67 MP: 10/10
  4220 | D:5      | Reached skill level 1 in Polearms
  5163 | D:7      | Noticed a hippogriff
  5178 | D:7      | Killed a hippogriff
  5178 | D:7      | Reached skill level 5 in Armour
  5178 | D:7      | Reached skill level 5 in Invocations
  5401 | D:7      | Reached **** piety under Lugonu
  5401 | D:7      | Reached XP level 9. HP: 57/73 MP: 12/12
  5435 | D:7      | Reached skill level 5 in Fighting
  6558 | D:8      | Reached skill level 6 in Invocations
  6622 | D:8      | Found a bloodstained altar of Trog.
  6647 | D:8      | Reached skill level 5 in Shields
  7037 | D:8      | Reached XP level 10. HP: 54/80 MP: 13/13
  7043 | D:8      | Reached skill level 5 in Axes
  8112 | D:9      | Reached skill level 7 in Invocations
  8201 | D:9      | Reached ***** piety under Lugonu
  8460 | D:10     | Entered Level 10 of the Dungeon
  8593 | D:10     | Found Udweux's Magic Scroll Shop.
  8600 | D:10     | Bought a scroll of blinking for 105 gold pieces
  8600 | D:10     | Bought a scroll of enchant armour for 105 gold pieces
  8604 | D:10     | Found Quryez's Magic Scroll Boutique.
  8607 | D:10     | Found a staircase to the Orcish Mines.
  8611 | D:10     | Bought a scroll of teleportation for 36 gold pieces
  8611 | D:10     | Bought a scroll of teleportation for 36 gold pieces
  8750 | D:10     | Found Meheirphuz's Assorted Antiques.
  9160 | D:10     | Reached XP level 11. HP: 74/89 MP: 15/15
  9176 | D:10     | Noticed a hill giant
  9183 | D:10     | Banished a hill giant
  9373 | D:10     | Bought a scroll of brand weapon for 340 gold pieces
  9454 | D:10     | Found Siuj's Antique Weapon Shoppe.
  9493 | D:10     | Noticed a hill giant
  9506 | D:10     | Banished a hill giant
  9506 | D:10     | Reached skill level 8 in Invocations
  9810 | D:10     | Found Rofaozul's Gadget Shoppe.
 10269 | D:11     | Noticed a brown ugly thing
 10284 | D:11     | Banished a brown ugly thing
 10491 | D:11     | Banished an unseen horror
 10533 | D:11     | Found a staircase to the Lair.
 10969 | Lair:1   | Entered Level 1 of the Lair of Beasts
 11063 | Lair:1   | You fall through a shaft!
 11248 | Lair:1   | Noticed Nergalle
 11275 | Lair:1   | Noticed a spectral orc warlord
 11301 | Lair:1   | Banished Nergalle
 11301 | Lair:1   | Reached skill level 9 in Invocations
 11459 | Lair:1   | HP: 4/91 [blink frog (7)]
 11470 | Lair:1   | HP: 3/91 [blink frog (10)]
 11981 | Lair:1   | You fall through a shaft!
 12232 | Lair:1   | Reached XP level 12. HP: 96/100 MP: 17/17
 13479 | Lair:3   | Found a staircase to the Shoals.
 13481 | Lair:3   | Noticed Rupert
 13530 | Lair:2   | Paralysed by Rupert for 5 turns
 13564 | Lair:2   | HP: 5/100 [Rupert/battleaxe of chopping (5)]
 13566 | Lair:2   | HP: 2/100 [Rupert/battleaxe of chopping (9)]
 13567 | Lair:2   | Slain by Rupert

Skill      XL: |  1  2  3  4  5  6  7  8  9 10 11 12 |
---------------+-------------------------------------+-----
Axes           | 2 3 4 5 7 8 |  8.2
Armour         | 2 3 4 5 6 7 8 |  8.8
Dodging        | 1 2 3 |  3.3
Fighting       | 4 5 6 7 |  7.3
Shields        | 1 2 4 5 6 7 8 |  8.0
Invocations    | 3 4 5 6 7 9 |  9.5
Polearms       | 2 3 4 |  4.8
Evocations     | |  0.1

Action                   |  1- 3 |  4- 6 |  7- 9 | 10-12 || total
-------------------------+-------+-------+-------+-------++-------
Melee: Hand axe          |   117 |   262 |   345 |   528 ||  1252
       Spear             |       |       |   354 |   237 ||   591
       Broad axe         |       |       |       |   624 ||   624
       War axe           |       |       |       |     8 ||     8
Invok: Depart the Abyss  |     1 |       |       |       ||     1
       Bend Space        |       |       |     1 |       ||     1
       Banish            |       |       |       |    14 ||    14
Evoke: Wand              |       |       |       |     5 ||     5
  Use: Scroll            |     5 |     5 |     7 |     8 ||    25
       Potion            |     1 |     3 |     6 |     8 ||    18
  Eat: Chunk             |    15 |    19 |    37 |    82 ||   153
       Meat ration       |       |       |       |     1 ||     1
Armor: Leather armour    |    68 |       |       |       ||    68
       Chain mail        |       |   211 |   429 |    59 ||   699
       Plate armour      |       |       |       |   762 ||   762
Dodge: Dodged            |   100 |    16 |    92 |   139 ||   347
Block: Large shield      |     5 |   180 |   551 |  1086 ||  1822
